 Dungeon Crawl Stone Soup version 0.32-a0-17-gb74e046682 (webtiles) character file.

Game seed: 9868987136436507934

21503 experimilk the Grappler (level 12, -5/126 HPs)
             Began as a Troll Gladiator on Jan 15, 2024.
             Was a Follower of Ru.
             Killed from afar by a salamander mystic (25 damage)
             ... with a lance of force
             ... in a volcano.
             The game lasted 00:27:24 (12360 turns).

experimilk the Grappler (Troll Gladiator)          Turns: 12360, Time: 00:27:25

Health: -5/126     AC:  7    Str: 38    XL:     12   Next: 54%
Magic:  11/11      EV: 13    Int:  7    God:    Ru [*.....]
Gold:   598        SH:  0    Dex: 11    Spells: 11/11 levels left

rFire   . .          .
                       - Unarmed
rCold   . . .        (no shield)
rNeg    . . .        J - +0 steam dragon scales
rPois   .            b - +0 hat
rElec   .            (no cloak)
rCorr   +            (gloves unavailable)
SInv    +            (boots unavailable)
Will    .....        (no amulet)
Stlth   +            N - ring of the Scavenger {rCorr Str+3 Int+3 SInv}
HPRegen 1.21/turn    y - +6 ring of strength
MPRegen 0.12/turn

%: no passive effects
@: no status effects
A: large, unfitting armour, claws 3, regeneration 1, shaggy fur 1, tough skin 1,
inability to train armour
a: Renounce Religion, Sacrifice Forms, Sacrifice Experience, Sacrifice Health,
Reject Sacrifices


You were in a volcano.
You worshipped Ru.
Ru was aware of your devotion.
You visited 2 branches of the dungeon, and saw 12 of its levels.
You also visited: Volcano.

You collected 688 gold pieces.
You spent 90 gold pieces at shops.

Inventory:

Missiles
 a - 5 poisoned darts (quivered)
 q - 3 throwing nets
 s - a curare-tipped dart
 z - 5 atropa-tipped darts
Armour
 b - a +0 hat (worn)
 J - +0 steam dragon scales (worn)
Jewellery
 h - a ring of see invisible
 j - a +6 ring of dexterity
 r - a ring of resist corrosion
 y - a +6 ring of strength (right claw)
 A - a ring of positive energy
 N - the ring of the Scavenger (left claw) {rCorr Str+3 Int+3 SInv}
   (You found it on level 7 of the Dungeon)

   [ring of see invisible]

   Str+3:     It affects your strength (+3).
   Int+3:     It affects your intelligence (+3).
   SInv:      It lets you see invisible.
   rCorr:     It protects you from acid and corrosion.
 O - an amulet of magic regeneration
 P - an amulet of faith
 Q - a ring of magical power
 R - a ring of positive energy
 T - the ring of the Mage {Wiz Archmagi}
   (You found it on level 9 of the Dungeon)

   [ring of wizardry]

   Wiz:       It improves your spell success rate.
   Archmagi:  It increases the power of your magical spells.
 U - a ring of wizardry
Wands
 t - a wand of charming (22)
 C - a wand of roots (9)
 I - a wand of polymorph (5)
 L - a wand of digging (8)
Scrolls
 c - a scroll of blinking
 d - 2 scrolls of fear
 l - a scroll of fog
 n - a scroll of acquirement {unknown}
 p - a scroll of immolation {unknown}
 x - 2 scrolls of amnesia
 F - 2 scrolls of summoning
 G - a scroll of noise {unknown}
 H - a scroll of vulnerability {unknown}
 K - 2 scrolls of enchant armour {unknown}
 V - 2 scrolls of teleportation {unknown}
 X - 2 scrolls of poison {unknown}
Potions
 e - 3 potions of mutation
 f - a potion of invisibility {unknown}
 g - 2 potions of resistance
 i - 4 potions of attraction
 k - 3 potions of might
 o - 8 potions of curing
 u - a potion of cancellation {unknown}
 v - 3 potions of magic
 w - a potion of enlightenment {unknown}
 B - 3 potions of lignification
 D - 2 potions of degeneration {unknown}
 E - a potion of brilliance {unknown}
 W - a potion of haste {unknown}


   Skills:
 - Level 10.0 Fighting
 - Level 10.0 Throwing
 * Level 9.6 Dodging
 - Level 10.0 Unarmed Combat


You had 11 spell levels left.
You didn't know any spells.
Your spell library contained the following spells:

 Spells                   Type           Power      Damage    Failure   Level
 Dazzling Flash           Conj/Hex       0%         N/A       80%         3
 Volatile Blastmotes      Fire/Tloc      0%         2d10      80%         3
 Brom's Barrelling Bould  Conj/Erth      0%         2d3       99%         4
 Fireball                 Conj/Fire      0%         3d3       100%        5
 Iskenderun's Battlesphe  Conj           0%         2d6       100%        5
 Conjure Ball Lightning   Conj/Air       0%         3x3d6     100%        6
 Starburst                Conj/Fire      0%         6d3       100%        6
 Orb of Destruction       Conj           0%         9d5       100%        7
 Maxwell's Capacitive Co  Air            0%         ∞         100%        8


Dungeon Overview and Level Annotations

Branches:
Dungeon (10/15)            Temple (0/1) D:6            Lair (2/5) D:10
Volcano (1/1)
  Swamp: Lair:2-3    Shoals: Lair:2-3     Snake: Lair:2-3    Spider: Lair:2-3
    Orc: D:9-12

Altars:
Dithmenos
Elyvilon
Kikubaaqudgha
Ru
Vehumet
Yredelemnul
Zin


Innate Abilities, Weirdness & Mutations

You are too large for most types of armour.
You have claws for hands.
Your natural rate of healing is unusually fast.
You are covered in fur. (AC +1)
You have tough skin. (AC +1)
You cannot train Armour skill.


Message History

The grasping roots constrict the salamander.
The salamander closely misses you.
The salamander mystic struggles to escape constriction.
Unknown command.
Unknown command.
The grasping roots constrict the salamander mystic.
The grasping roots constrict the salamander.
The roots release their grip on the salamander.
The salamander barely misses you.
The salamander mystic hits you with a +0 quarterstaff!
You are engulfed in flames!
The salamander hits you from afar with a +0 spear of flaming.
You are engulfed in flames!
The salamander burns you.
You barely miss the salamander.
The salamander is almost dead.
The grasping roots constrict the salamander mystic, but do no damage.
The roots release their grip on the salamander mystic.
The salamander closely misses you. The salamander mystic misses you.
The salamander hits you from afar with a +0 spear of flaming.
* * * LOW HITPOINT WARNING * * *
You are engulfed in flames!
* * * LOW HITPOINT WARNING * * *
The salamander burns you.
* * * LOW HITPOINT WARNING * * *
You feel much better.
The salamander hits you with a +0 spear of flaming!
* * * LOW HITPOINT WARNING * * *
You are engulfed in flames!
* * * LOW HITPOINT WARNING * * *
The salamander burns you.
* * * LOW HITPOINT WARNING * * *
The salamander mystic casts a spell at something.
A red draconian comes into view. It is wielding a +2 glaive of flaming.
Blink to where?
Press: ? - help, Q - select action, (/) - cycle Dir - move target, f - you, p - salamander mystic
Okay, then.
The salamander closely misses you.
The salamander mystic points at you and mumbles some strange words.
The lance of force hits you!!
You die...

######## #8#8##8#
#≈#≈##≈#
##≈#≈##☼###
###.......☼.###
#..##≈##≈#≈#@.#
#.###≈##≈#°##.#
#.###8##8#8##NNd.[#
#..###########..?##
##..).....# ####
#########'#
##....## #.#
##......###.##
##.......##8.8#


You could see a red draconian, a salamander mystic and a salamander.

Vanquished Creatures
  Erica (D:9)
  A boulder beetle (Lair:1)
  4 two-headed ogres
  A salamander (Volcano)
  4 elephants
  A black mamba (Lair:1)
  5 cane toads (Lair:1)
  Jeremiah (D:7)
  2 kobold demonologists (D:6)
  A komodo dragon (Lair:1)
  A hornet (D:9)
  2 raiju (D:8)
  Sigmund (D:3)
  3 basilisks
  5 fire bats (Volcano)
  2 shadows
  6 wyverns
  29 yaks
  Grum (D:9)
  3 steam dragons
  4 water moccasins
  2 orc warriors
  3 black bears
  An ice beast (D:8)
  A sky beast (D:8)
  3 wolves
  4 centaurs
  A kobold brigand (D:6)
  A weeping skull (D:7)
  A gnoll sergeant (D:10)
  2 scorpions
  7 bullfrogs
  7 wights
  6 killer bees
  5 howler monkeys
  A hound (D:4)
  5 lava snakes (Volcano)
  3 jellies
  9 orc priests
  A gnoll bouda (D:6)
  7 iguanas
  3 sleepcaps
  Terence (D:3)
  4 orc wizards
  Robin (D:3)
  8 adders
  13 gnolls
  2 shadow imps
  3 white imps
  2 ufetubi (D:5)
  6 dart slugs
  A ribbon worm (D:4)
  30 orcs
  9 bats
  2 endoplasms
  2 giant cockroaches
  12 goblins
  5 hobgoblins
  5 jackals
  3 quokkas
  10 ball pythons
  2 frilled lizards
  7 kobolds
  A rat (D:1)
  A spectral orc (D:7)
281 creatures vanquished.

Vanquished Creatures (collateral kills)
  2 elephants (Lair:1)
  A cane toad (Lair:1)
  A rime drake (Lair:1)
  2 yaks (Lair:1)
6 creatures vanquished.

Vanquished Creatures (others)
  A gnoll (D:10)
  An orc (D:10)
  A butterfly (D:6)
3 creatures vanquished.

Grand Total: 290 creatures vanquished

Notes
Turn   | Place    | Note
-------+----------+-------------------------------------------
     0 | D:1      | experimilk the Troll Gladiator began the quest for the Orb.
     0 | D:1      | Reached XP level 1. HP: 19/19 MP: 0/0
   143 | D:1      | Reached XP level 2. HP: 27/27 MP: 1/1
  1152 | D:2      | Reached XP level 3. HP: 33/33 MP: 2/2
  1274 | D:2      | Reached skill level 5 in Unarmed Combat
  1274 | D:2      | Reached XP level 4. HP: 28/41 MP: 3/3
  1669 | D:3      | Noticed Robin
  1669 | D:3      | Noticed Sigmund
  1725 | D:3      | Killed Robin
  1788 | D:3      | Noticed Terence
  1794 | D:3      | Killed Terence
  1832 | D:3      | Reached XP level 5. HP: 48/48 MP: 4/4
  2503 | D:3      | Killed Sigmund
  2504 | D:3      | Reached XP level 6. HP: 24/55 MP: 5/5
  3139 | D:4      | You fall into a shaft and drop 2 floors!
  3158 | D:5      | Entered Level 5 of the Dungeon
  3293 | D:5      | Found a radiant altar of Vehumet.
  3313 | D:5      | Reached XP level 7. HP: 62/62 MP: 6/6
  3794 | D:4      | Found a sacrificial altar of Ru.
  4274 | D:4      | Became a worshipper of Ru the Awakened
  4654 | D:6      | Noticed a yak
  4654 | D:6      | Found a staircase to the Ecumenical Temple.
  4654 | D:6      | Noticed a yak
  4654 | D:6      | Noticed a yak
  4767 | D:6      | Noticed a steam dragon
  4818 | D:6      | Noticed a yak
  4820 | D:6      | Noticed a yak
  4967 | D:6      | Killed a steam dragon
  4968 | D:6      | Reached skill level 10 in Unarmed Combat
  4968 | D:6      | Reached XP level 8. HP: 61/70 MP: 7/7
  5009 | D:6      | Found a white marble altar of Elyvilon.
  5021 | D:6      | Found a shadowy altar of Dithmenos.
  5132 | D:6      | Noticed a kobold demonologist
  5133 | D:6      | Noticed a kobold demonologist
  5136 | D:6      | Noticed an ice devil
  5176 | D:6      | Noticed an ice devil
  5176 | D:6      | Killed a kobold demonologist
  5220 | D:6      | Noticed a hellwing
  5224 | D:6      | Killed a kobold demonologist
  5225 | D:6      | Reached skill level 5 in Fighting
  5317 | D:6      | Reached XP level 9. HP: 40/89 MP: 8/8
  5839 | D:7      | Noticed a two-headed ogre
  5849 | D:7      | Killed a two-headed ogre
  5953 | D:7      | Identified the ring of the Scavenger {rCorr Str+3 Int+3
                  | SInv}
  6093 | D:7      | Reached XP level 10. HP: 103/107 MP: 9/9
  6103 | D:7      | Found an ancient bone altar of Kikubaaqudgha.
  6437 | D:7      | Noticed Jeremiah
  6447 | D:7      | Killed Jeremiah
  6509 | D:7      | Found a basalt altar of Yredelemnul.
  6598 | D:8      | Reached skill level 10 in Fighting
  6982 | D:8      | Found Zin's Purification Station.
  7015 | D:8      | Found a glowing silver altar of Zin.
  7027 | D:8      | Bought a potion of curing for 90 gold pieces
  7055 | D:8      | Noticed a two-headed ogre
  7065 | D:8      | Killed a two-headed ogre
  7066 | D:8      | Reached skill level 5 in Throwing
  8115 | D:9      | Noticed Erica
  8142 | D:9      | Killed Erica
  8143 | D:9      | Reached XP level 11. HP: 107/117 MP: 10/10
  8163 | D:9      | Gained mutation: You cannot train Armour skill. [Ru
                  | sacrifice]
  8163 | D:9      | Reached * piety under Ru
  8166 | D:9      | Found the ring of the Mage {Wiz Archmagi}
  8429 | D:9      | Noticed Grum
  8627 | D:9      | Killed Grum
  8959 | D:9      | Noticed a two-headed ogre
  8965 | D:9      | Killed a two-headed ogre
  9162 | D:10     | Entered Level 10 of the Dungeon
  9162 | D:10     | Noticed a two-headed ogre
  9574 | D:10     | Killed a two-headed ogre
  9575 | D:10     | Reached skill level 10 in Throwing
  9687 | D:10     | Found a staircase to the Lair.
 10309 | Lair:1   | Entered Level 1 of the Lair of Beasts
 10316 | Lair:1   | Noticed a boulder beetle
 10361 | Lair:1   | Reached skill level 5 in Dodging
 10404 | Lair:1   | Reached XP level 12. HP: 64/126 MP: 11/11
 10794 | Lair:1   | Killed a boulder beetle
 11831 | Lair:2   | Found a dark tunnel.
 11840 | Volcano  | Entered a volcano
 12360 | Volcano  | Noticed a red draconian
 12360 | Volcano  | Killed from afar by a salamander mystic

Illustrated notes

Levels and vault maps discovered:
D:1:      wander_arrival_fairy_ring, layout_basic, roderic_lattice_a
D:2:      layout_basic, chequers_serial_rivers_micro_c
D:3:      layout_basic, uniq_terence, uniq_robin, uniq_sigmund
D:4:      layout_gridville, nicolae_ru_sacrificial_ziggurat
D:5:      layout_rooms, mainiacjoe_overflow_tiny_flanked,
          mrwooster_statue_mirror, water_boxes_lemuel
D:6:      layout_rooms, nicolae_dithmenos_through_a_glass_darkly,
          nicolae_elyvilon_peaceful_grove, minmay_temple_entry_drinking_statues,
          kennysheep_small_spiral
D:7:      layout_basic, kennysheep_mini_moat,
          yredelemnul_forgotten_temple_becter, uniq_jeremiah
D:8:      layout_rooms, zin_purify, nicolae_have_a_lightning_rod
D:9:      layout_irregular_city, uniq_grum, uniq_erica
D:10:     layout_rooms, david_lair_generic,
          serial_library_hellmonk_recessed_alcove
Lair:1:   layout_misc_corridors
Lair:2:   layout_big_grid, enter_volcano_2
Volcano:  volcano_grotto [vgs_trial_by_fire]

Skill      XL: |  1  2  3  4  5  6  7  8  9 10 11 12 |
---------------+-------------------------------------+-----
Unarmed Combat | 4 5 6 8 10 | 10.0
Fighting       | 6 9 10 | 10.0
Throwing       | 7 10 | 10.0
Dodging        | 6 9 |  9.6

Action                     |  1- 3 |  4- 6 |  7- 9 | 10-12 || total
---------------------------+-------+-------+-------+-------++-------
  Melee: Unarmed           |    63 |    81 |   188 |   347 ||   679
         Punch             |     1 |     4 |     5 |    19 ||    29
  Throw: Large rock        |       |     2 |     1 |     6 ||     9
         Dart              |       |     4 |     2 |    21 ||    27
         Boomerang         |       |       |     5 |    35 ||    40
 Invoke: Reject Sacrifices |       |       |     1 |       ||     1
         Sacrifice Durabil |       |       |       |     1 ||     1
  Evoke: Wand              |       |       |       |     2 ||     2
    Use: Scroll            |       |     3 |     4 |    14 ||    21
         Potion            |       |       |       |     6 ||     6
   Stab: Sleeping          |       |       |       |     1 ||     1
 Armour: Robe              |    56 |    55 |    45 |       ||   156
         Steam dragon scal |       |       |   103 |   321 ||   424
         Skin              |       |       |       |    72 ||    72
  Dodge: Dodged            |    41 |    52 |    80 |   190 ||   363

Table legend: (Time is in decaauts)
 A = Elapsed time spent in this place.
 B = Non-inter-level travel time spent in this place.
 C = Inter-level travel time spent in this place.
 D = Time resting spent in this place.
 E = Time spent auto-exploring this place.
 F = Levels seen in this place.
 G = Mean time per level.
                   A        B        C        D        E       F      G
               +--------+--------+--------+--------+--------+-----+--------+
         Total |  12255 |  11716 |    539 |   4225 |   4853 |  13 |  942.7 |
       Dungeon |  10236 |   9724 |    512 |   3241 |   4411 |  10 | 1023.6 |
          Lair |   1505 |   1478 |     27 |    707 |    410 |   2 |  752.5 |
       Volcano |    513 |    513 |      0 |    277 |     32 |   1 |  513.0 |
               +--------+--------+--------+--------+--------+-----+--------+

Top non-repeatable levels by time:
  Lair:1: 1405 daAuts
     D:3: 1320 daAuts
     D:9: 1296 daAuts
     D:8: 1241 daAuts
     D:1: 1132 daAuts
    D:10: 997 daAuts
     D:5: 976 daAuts
     D:6: 956 daAuts
     D:7: 946 daAuts
     D:4: 802 daAuts
     D:2: 566 daAuts
 Volcano: 513 daAuts
  Lair:2: 99 daAuts
